[Event "Super United Croatia GCT Blitz 2022"]
[Site "Zagreb"]
[Date "2022.07.23"]
[Round "6"]
[White "Dominguez Perez, Leinier"]
[Black "Topalov, Veselin"]
[Result "1/2-1/2"]
[ECO "C77"]
[WhiteElo "2754"]
[BlackElo "2728"]
[Annotator "TA"]
[PlyCount "136"]
[EventDate "2022.07.20"]
[EventType "tourn"]
[EventCountry "CRO"]
[SourceTitle "playchess.com"]
[Source "ChessBase"]
[SourceQuality "1"]
[TimeControl "300+2"]

1. e4 e5 2. Nf3 Nc6 3. Bb5 a6 4. Ba4 Nf6 5. Nc3 Bc5 6. O-O O-O {[%emt 0:00:16] C77: Ruy Lopez: 3...a6 4 Ba4 Nf6, unusual lines.} 7. d3 {[%emt 0:00:14] 7.d3 has lost popularity.} d6 8. Bxc6 bxc6 9. Bg5 {[%emt 0:00:03] [#]} h6 $146 ({Predecessor:} 9... Rb8 10. h3 Re8 11. Rb1 h6 12. Bh4 Bd4 13. Nxd4 exd4 14. Ne2 c5 15. f4 Qe7 {½-½ (28) Antz,W-Wessel,R freechess.de 2020}) 10. Bh4 (10. Be3 $11) 10... Rb8 (10... g5 $15 {should be considered.} 11. Bg3 Bg4) 11. h3 Re8 ({But not} 11... Rxb2 12. Na4 Rb5 13. c4 $16) 12. b3 Bd7 13. Qd2 Kh7 14. Rfe1 (14. Na4 $11 Ba7 15. g4) 14... Bb4 (14... g5 $1 $15 15. Bg3 (15. Bxg5 $2 hxg5 16. Nxg5+ Kg8 $19) 15... Nh5) 15. a3 $11 Bxc3 16. Qxc3 g5 17. Bg3 Nh5 (17... c5 $11 {keeps the balance.}) 18. d4 (18. Qc4 $16) 18... f6 19. Rad1 Qe7 20. Qd3 {[%emt 0:00:28] Threatens to win with dxe5.} Bc8 21. Nh2 Nf4 22. Qc4 Rb6 23. Nf1 Be6 24. Qc3 Qf7 25. Ne3 Rg8 26. f3 exd4 ({Black should try} 26... h5 $14) 27. Qxd4 c5 28. Qd2 Ng6 29. b4 cxb4 30. axb4 Ne5 31. c3 Nc4 32. Nxc4 Bxc4 33. Qe3 Re8 34. Qf2 (34. Qd4 {is more complex.} Rg8 35. Ra1 Bb5 36. Qd5) 34... Rb5 35. Ra1 Rbb8 36. Kh2 Re7 37. Qd4 Rbe8 38. Kg1 f5 (38... h5 $11) 39. exf5 $16 {[%emt 0:00:03] White is more active.} Re2 40. Rxe2 Bxe2 41. f6 (41. Re1 $18) 41... Kg6 {[%emt 0:00:02] [#]} 42. Re1 $1 {[%emt 0:00:06][%cal Oe1e2] Strongly threatening Rxe2!} Qxf6 43. Qd2 Bb5 44. Rxe8 Bxe8 {[%emt 0:00:01][%mdl 4096] Endgame KQB-KQB} 45. Bf2 Qf5 46. Bd4 (46. Qa2 $16 {Black must now prevent Qg8+.} Bf7 47. Qxa6) 46... Qb1+ $11 47. Kh2 Qf5 48. Qe1 Kf7 ({Don't do} 48... Bf7 49. Qe7 $16) 49. Qe2 {[%emt 0:00:03] With the idea Qc4+.} Bb5 {[%emt 0:00:01] Inhibits Qc4+.} 50. Qe1 Qf4+ 51. Kh1 Qf5 52. Kg1 Qd3 53. Kh2 Qf5 54. Kh1 Qd3 55. Qg3 Qb1+ 56. Kh2 Qf5 57. Be3 Qe5 58. f4 gxf4 59. Bxf4 Qf6 60. Qe3 h5 61. Bg3 Qf5 62. Qd4 Bc6 {[%emt 0:00:05] The position is equal.} 63. Qc4+ Qd5 64. Qxd5+ Bxd5 65. Bf2 Bc6 66. Bg3 Bd5 67. Bf2 Bc6 68. Bg3 Bd5 {[%emt 0:00:01] Blacks defense is rewarded with a draw.  Weighted Error Value: White=0.17 (very precise) /Black=0.16 (very precise)} 1/2-1/2

[Event "Super United Croatia GCT Blitz 2022"]
[Site "Zagreb"]
[Date "2022.07.23"]
[Round "6"]
[White "Saric, Ivan"]
[Black "So, Wesley"]
[Result "0-1"]
[ECO "C65"]
[WhiteElo "2680"]
[BlackElo "2773"]
[Annotator "TA"]
[PlyCount "142"]
[EventDate "2022.07.20"]
[EventType "tourn"]
[EventCountry "CRO"]
[SourceTitle "playchess.com"]
[Source "ChessBase"]
[SourceQuality "1"]
[TimeControl "300+2"]

1. e4 e5 2. Nf3 Nc6 3. Bb5 Nf6 4. d3 Bc5 5. Bg5 h6 6. Bh4 {[%emt 0:00:01] C65: Ruy Lopez: Berlin Defence (3...Nf6), unusual lines and 4 0-0 Bc5.} Ne7 $5 {[%emt 0:00:01][%mdl 4] Leaves trodden paths.} 7. Bxf6 ({Don't play} 7. Nxe5 Bd4 8. Bxf6 gxf6 $15) 7... gxf6 8. d4 {[%emt 0:00:10] The position is equal.} exd4 {[%emt 0:00:10] [#]} 9. O-O $146 ({Predecessor:} 9. Nxd4 c6 10. Nb3 Bb6 11. Be2 Rg8 12. g3 a5 13. a4 d5 14. Nc3 Be6 15. exd5 Nxd5 {½-½ (41) Spirin,A (2073)-Lukashin,A (1927) LSS email 2018}) 9... c6 10. Bc4 O-O ({Better is} 10... Rg8 $11) 11. Nxd4 d6 12. c3 f5 13. Nd2 Kg7 (13... Bxd4 $11 14. cxd4 fxe4) 14. Bd3 (14. Bb3 $16) 14... f4 15. N2f3 Ng6 16. Nf5+ Bxf5 17. exf5 Ne5 18. b4 Bb6 19. a4 a6 20. Nxe5 dxe5 21. Qe2 Qf6 22. Be4 Rfd8 23. Rfd1 Rxd1+ 24. Rxd1 Rd8 {Against Rd7} 25. Rxd8 Qxd8 $11 {[%emt 0:00:24][%mdl 4096] Endgame KQB-KQB} 26. g3 fxg3 27. hxg3 Qg5 28. Kg2 h5 29. Bd3 Kf6 30. Kh3 h4 31. Qg4 Bxf2 32. Qxh4 Qxh4+ 33. gxh4 $15 {[%emt 0:00:01] KB-KB} Be1 34. b5 cxb5 35. axb5 a5 36. c4 $1 Bf2 37. Bc2 $1 Ke7 38. h5 Be3 39. Kg4 Kd6 40. Kf3 ({White should try} 40. c5+ $11 Kxc5 41. f6) 40... Bf4 {[%emt 0:00:04] Black is more active.} 41. Ke4 Kc5 42. Kd3 Kb4 43. f6 {[%emt 0:00:02] [#]} (43. Ke4 $11 {remains equal.}) 43... b6 ({Black should play} 43... Bg5 $1 $17 44. Ke4 Bxf6) 44. Bb1 $11 a4 45. Kc2 $2 (45. Ke4 $11) 45... Bg5 $19 46. Ba2 Kc5 47. Kd3 Bxf6 {[%emt 0:00:02] ...Bh8 is the strong threat.} 48. h6 Bh8 {[%emt 0:00:02] Threatens to win with ...f5.} 49. Ke4 {[%emt 0:00:01] [#]} a3 $2 (49... f6 $1 $19 50. h7 f5+ 51. Kxf5 Kd4) 50. h7 Bg7 (50... f6 $5) 51. Bb3 Bh8 52. Ba2 $1 Kd6 (52... f6 $5) 53. Kf5 Bg7 (53... Kc5 $5 54. Ke4 $11) 54. Ke4 Kc5 55. Bb3 Kb4 (55... Bh8 $5) 56. Ba2 Bh8 (56... Kc5 $5) 57. Kf5 Kc5 {[%emt 0:00:03] aiming for ...Kd4.} (57... Bg7 $5) 58. Ke4 f5+ (58... f6 $5) 59. Kxf5 Kd4 60. Bb1 $2 (60. Bb3 $11) 60... e4 {[%emt 0:00:02] Black mates.} 61. c5 e3 62. cxb6 e2 63. b7 e1=Q 64. b8=Q Qxb1+ 65. Kg4 Qe4+ 66. Kh3 Qxh7+ 67. Kg2 Qe4+ 68. Kf1 Qf3+ 69. Ke1 Bf6 70. Qd6+ Kc4 71. b6 Bc3+ {[%emt 0:00:01] Weighted Error Value: White=0.49/Black=0.22 (precise)} 0-1

[Event "Super United Croatia GCT Blitz 2022"]
[Site "Zagreb"]
[Date "2022.07.23"]
[Round "7"]
[White "Firouzja, Alireza"]
[Black "Saric, Ivan"]
[Result "0-1"]
[ECO "B50"]
[WhiteElo "2793"]
[BlackElo "2680"]
[Annotator "TA"]
[PlyCount "78"]
[EventDate "2022.07.20"]
[EventType "tourn"]
[EventCountry "CRO"]
[SourceTitle "playchess.com"]
[Source "ChessBase"]
[SourceQuality "1"]
[TimeControl "300+2"]

1. e4 c5 2. Nf3 d6 3. Bc4 Nc6 4. O-O Nf6 5. d3 e6 6. c3 Be7 7. Bb3 b5 {[%emt 0:00:10][%cal Bb7b5,Bb5b4][%mdl 32] B50: Sicilian: 2...d6, Miscellaneous.} 8. Re1 Bb7 $5 {[%emt 0:00:02][%mdl 4] Exploring less charted territory.} 9. Nbd2 O-O {[%emt 0:00:08] The position is equal.} 10. h3 a5 {[%emt 0:00:21] [#]} 11. a4 $146 ({Predecessor:} 11. a3 a4 12. Bc2 e5 13. Nf1 Re8 14. Ng3 g6 15. Bh6 d5 16. Qc1 dxe4 17. dxe4 {1-0 (45) Delgado Ramirez,N (2554)-Pupo,E (2375) Merida 2004}) 11... b4 12. Bc4 d5 13. Bb5 Na7 14. e5 Nd7 15. Bxd7 Qxd7 16. Nf1 (16. Nb3 $11 {remains equal.}) 16... d4 (16... Rfc8 $17) 17. c4 $11 f5 18. exf6 $1 Rxf6 19. Ne5 Qc7 {[%emt 0:00:03] aiming for ...Raf8.} 20. Bg5 Rf5 ({Black should play} 20... Rxf2 $1 $11 21. Kxf2 Rf8+ 22. Kg1 Bxg5) 21. Bxe7 $14 Qxe7 22. Ng3 {[%emt 0:00:12] Pair of Knights!} Rf4 23. Qh5 Raf8 24. Re2 {[%emt 0:00:01][%mdl 8192] [#] White does not recover from this.} (24. Ng4 $1 $14 {stays ahead.}) 24... Rh4 $19 25. Qxh4 Qxh4 26. Nd7 Rf7 27. Nxc5 Bc8 28. Nxe6 Bxe6 29. Rxe6 Qf4 30. Ne4 h6 31. Re1 Kh7 32. Ra6 Nc8 33. c5 (33. b3 $142) 33... Ne7 34. Re6 Nd5 35. c6 {[%emt 0:00:05] [#]} Nc3 $1 36. g3 (36. Rf1 Qf5) 36... Qf5 {[%emt 0:00:03] Strongly threatening ...Nxe4.} 37. c7 Nxe4 {[%emt 0:00:05] Black mates.} 38. R6xe4 Qxf2+ 39. Kh1 Rxc7 {[%emt 0:00:02] Weighted Error Value: White=0.75/Black=0.10 (very precise)} 0-1

[Event "Super United Croatia GCT Blitz 2022"]
[Site "Zagreb"]
[Date "2022.07.23"]
[Round "7"]
[White "So, Wesley"]
[Black "Dominguez Perez, Leinier"]
[Result "1/2-1/2"]
[ECO "A30"]
[WhiteElo "2773"]
[BlackElo "2754"]
[Annotator "TA"]
[PlyCount "185"]
[EventDate "2022.07.20"]
[EventType "tourn"]
[EventCountry "CRO"]
[SourceTitle "playchess.com"]
[Source "ChessBase"]
[SourceQuality "1"]
[TimeControl "300+2"]

1. Nf3 Nf6 2. b3 c5 3. Bb2 Nc6 4. c4 d5 5. cxd5 Nxd5 6. Nc3 {[%emt 0:00:02] A30: Symmetrical English: Double Fianchetto and Hedgehog.} e5 7. Nxd5 $5 {[%emt 0:00:16][%mdl 4] Leaves trodden paths.} (7. e3 $5 ) 7... Qxd5 8. e3 {[%emt 0:00:00] The position is equal.} Be7 9. Bc4 Qd6 {[%emt 0:00:00] [#]} 10. Bb5 $146 ({Predecessor:} 10. Qc2 Be6 11. a3 O-O 12. h4 h6 13. Bxe6 Qxe6 14. Qc4 Qf5 15. d3 Rad8 16. Rd1 {½-½ (33) Nihal,S (2620)-Gelfand,B (2675) Biel 2021}) 10... f6 11. O-O O-O 12. d4 cxd4 (12... exd4 {with more complications.} 13. exd4 Bg4 14. h3 Bh5) 13. exd4 Nxd4 14. Nxd4 exd4 15. Re1 Bd7 (15... Kh8 $14) 16. Bc4+ $1 $16 Kh8 17. a4 $1 (17. Bxd4 Rfd8 $14) (17. Qxd4 $6 Qxd4 18. Bxd4 Bb4 $11) 17... Rad8 {[%emt 0:01:36] [#]} (17... Bc6 $16) 18. Ba3 $1 $18 {[%emt 0:00:38][%mdl 64] Overworked Piece} ({Don't do} 18. Bxd4 $6 b6 $11) ({Stronger than} 18. Qxd4 Qxd4 19. Bxd4 Bb4 $11) 18... Qxa3 19. Rxa3 Bxa3 20. Qxd4 b6 21. Rd1 {[%emt 0:00:23] aiming for Bb5.} Bc5 22. Qd3 {[%emt 0:00:24] And now Bb5 would win.} Be7 23. Qe2 {[%emt 0:00:05] Inhibits Bg4.} Bc5 24. h4 {[%emt 0:00:07][%cal Bh2h4,Bh4h5][%mdl 32] Black must now prevent Qd2.} Rde8 25. Qf3 ({But not} 25. Rxd7 Rxe2 26. Bxe2 a5 $14) 25... Bc8 26. h5 h6 27. Bd3 f5 28. Bb5 Re4 29. Bc6 {[%emt 0:00:14] Inhibits Bb7.} Re7 30. g3 a5 31. Rd5 (31. Rd2 $16) 31... Re1+ (31... f4 $1 $14) 32. Kg2 Be6 33. Rd1 $36 {[%emt 0:00:12][%mdl 2048] White is on the roll.} Re5 34. Bd5 ({White should play} 34. Bd7 $16) 34... Bxd5 (34... Bd7 $1 $14) 35. Rxd5 Rxd5 36. Qxd5 $14 {[%emt 0:00:01][%mdl 4096] Endgame KQ-KRB} Rf6 37. Qd8+ Kh7 38. Qe8 Rd6 39. Qe2 {[%emt 0:00:05] Against Rd2} Rf6 40. Qd3 Kh8 41. f3 Rf8 42. Kf1 Rf6 43. Qd5 Rf8 44. Ke2 Rf6 45. Qa8+ Rf8 46. Qc6 Rf6 47. Qd7 Kh7 48. Qe8 Rf8 49. Qg6+ Kh8 50. Kd3 Rf6 51. Qe8+ Kh7 52. Kc4 Rf8 53. Qd7 Rf6 54. Qd3 Kh8 55. Kb5 Rf8 56. b4 Bxb4 57. Kxb6 Rf6+ 58. Kb5 Rf8 59. Qd7 Rf6 60. Kc4 Kh7 61. Kd5 Kh8 62. Qc8+ Rf8 63. Qc2 Rf6 64. Qe2 Rd6+ 65. Ke5 Rf6 66. Qd3 Rf8 67. Kf4 Rf6 68. Ke3 Re6+ {[%emt 0:00:01] [#]} 69. Kf2 $1 Rf6 70. Kg2 Rf8 71. Kh3 Rf6 72. g4 fxg4+ 73. fxg4 Rf8 74. Qd5 Rf6 75. g5 hxg5 76. Qxg5 Rh6 77. Kg4 Rf6 78. Qd5 Rh6 79. Qa8+ Kh7 80. Qe4+ Kh8 81. Qf5 Rf6 82. Qc8+ Kh7 83. Qc2+ Kh8 84. Qe4 Rh6 $1 85. Kf3 Rf6+ 86. Ke2 Rh6 87. Kd3 Rf6 88. Kc4 Rh6 89. Qe8+ Kh7 90. Kd5 Rf6 91. Kc4 Rh6 $1 92. Kd5 Rf6 $1 93. Ke4 {[%emt 0:00:08] Weighted Error Value: White=0.06 (flawless) /Black=0.11 (very precise)} 1/2-1/2

[Event "Super United Croatia GCT Blitz 2022"]
[Site "Zagreb"]
[Date "2022.07.23"]
[Round "7"]
[White "Topalov, Veselin"]
[Black "Vachier-Lagrave, Maxime"]
[Result "0-1"]
[ECO "A16"]
[WhiteElo "2728"]
[BlackElo "2760"]
[Annotator "TA"]
[PlyCount "82"]
[EventDate "2022.07.20"]
[EventType "tourn"]
[EventCountry "CRO"]
[SourceTitle "playchess.com"]
[Source "ChessBase"]
[SourceQuality "1"]
[TimeControl "300+2"]

1. c4 Nf6 2. Nf3 g6 3. Nc3 d5 4. cxd5 Nxd5 5. e4 Nxc3 6. dxc3 Qxd1+ 7. Kxd1 f6 8. Bc4 e5 9. Ke2 Nd7 10. Be3 Nc5 {[%emt 0:00:10] has lost popularity (10...Bc5). A16: English Opening: 1...Nf6 with ...d5.} (10... Bc5 {looks sharper.} 11. Bh6 Ke7 12. a4 a5) 11. Nd2 Bd7 12. f3 {[%emt 0:00:19] [#]} b5 $5 $146 {[%emt 0:00:06][%mdl 8] The position is equal. New and interesting.} ({Predecessor:} 12... a5 13. h4 b5 14. Bd5 c6 15. Bb3 Nxb3 16. Nxb3 b4 17. Rhd1 Be6 18. Nc5 Bc4+ {½-½ (63) Rogers,I (2538)-Sutovsky,E (2651) Batumi 2001}) 13. Bd5 (13. Bb3 $5) 13... c6 14. Bb3 a5 15. a4 Nxb3 16. Nxb3 Be6 17. Nd2 Bd6 18. Rhc1 Ke7 19. c4 Rhb8 20. cxb5 cxb5 21. Rc2 bxa4 22. Rxa4 Rb5 23. Ra1 a4 24. Kf2 f5 25. g3 Kd7 26. h4 Rb4 {[%emt 0:00:14] And now ...f4 would win.} 27. Ke2 Ra5 28. Kd3 Rab5 (28... Ke7 $17 29. Bg5+ Kd7) 29. Ke2 {[%emt 0:00:02] [#]} ({White should play} 29. Rc3 $15) 29... f4 $1 $17 (29... Rxb2 30. Rxb2 Rxb2 31. Rxa4 $15) 30. gxf4 exf4 31. Bf2 Be5 {[%emt 0:00:08] Black is more active.} ({Inferior is} 31... Rxb2 32. Rxb2 Rxb2 33. Rxa4 $17) (31... Be7 $142 32. Ra3 Ke8) 32. Rd1 $2 {[%emt 0:00:03] [#] White does not recover from this.} (32. Ra3 $17) 32... Ke8 $1 $19 ({Weaker is} 32... Rxb2 33. Nc4+ Ke8 34. Nxb2 Rxb2 35. Rxb2 Bc4+ 36. Ke1 Bxb2 37. Bd4 $14) 33. Rc6 (33. Ra1 $142) 33... Bd7 {[%emt 0:00:06] A strong pair of Bishops.} 34. Ra6 Bxb2 35. Ra8+ $2 (35. Ke1) 35... Rb8 36. Ra7 Rc8 {[%emt 0:00:15] Inhibits Bc5.} 37. Ra5 Bb5+ 38. Ke1 Bc3 {[%emt 0:00:04] Threatens to win with ...Rd8.} 39. Rc1 Bxd2+ {[%emt 0:00:03] Black mates.} 40. Kxd2 Rb2+ 41. Kd1 Be2+ {[%emt 0:00:01] Weighted Error Value: White=0.96/Black=0.14 (very precise)} 0-1

[Event "Super United Croatia GCT Blitz 2022"]
[Site "Zagreb"]
[Date "2022.07.23"]
[Round "7"]
[White "Van Foreest, Jorden"]
[Black "Nepomniachtchi, Ian"]
[Result "0-1"]
[ECO "C42"]
[WhiteElo "2678"]
[BlackElo "2766"]
[Annotator "TA"]
[PlyCount "94"]
[EventDate "2022.07.20"]
[EventType "tourn"]
[EventCountry "CRO"]
[SourceTitle "playchess.com"]
[Source "ChessBase"]
[SourceQuality "1"]
[TimeControl "300+2"]

1. e4 e5 2. Nf3 Nf6 3. Nxe5 d6 4. Nf3 Nxe4 5. d4 d5 6. Bd3 Nc6 7. O-O Be7 8. Re1 Bf5 9. Nbd2 {[%emt 0:00:23] is now more promising than 9.c4.} Nxd2 {[%emt 0:00:07] C42: Petroff Defence: 3 Nxe5 and unusual White 3rd moves.} 10. Qxd2 Qd7 11. Bb5 O-O {[%emt 0:00:08] White has an edge.} 12. Ne5 Qd6 13. Nxc6 bxc6 14. Bd3 Bxd3 15. Qxd3 c5 16. dxc5 Qxc5 17. Be3 {[%emt 0:00:13] [#]} Qc6 $146 ({Predecessor:} 17... Qd6 18. c4 Rfd8 19. Qxd5 Qxd5 20. cxd5 Rxd5 21. Rad1 Rf5 22. b3 Bd6 23. Rd4 h5 24. g3 a5 25. Rc1 {½-½ (25) Bernal Varela,N (2382)-Au Cardero,R (2289) ICCF email 2018}) 18. Rad1 Rfd8 19. c3 a5 20. h3 a4 21. Bf4 Bf6 22. Be5 Rab8 23. Bxf6 Qxf6 24. Rd2 h6 25. Qc2 Qa6 26. Rd4 a3 27. b3 c5 28. Ra4 Qd6 29. Rxa3 Re8 {[%emt 0:00:12][%cal Re8e1] [#]} 30. Rd1 Re5 31. Ra4 Rbe8 {[%emt 0:00:02] ( -> ...Re1+)} 32. g3 (32. Rf1 $14) 32... d4 $11 33. cxd4 Re1+ 34. Rxe1 Rxe1+ {[%emt 0:00:01][%mdl 4096] Endgame KQR-KQR} 35. Kg2 Qd5+ 36. f3 Re3 (36... cxd4 $11 37. Qc4 Qe5 38. Qxd4 (38. Ra8+ Kh7 $11) 38... Re2+ 39. Kf1 Re1+ 40. Kg2 Re2+ 41. Kf1 Re1+ 42. Kg2) 37. Qf2 ({White should play} 37. Qd1 $16) 37... cxd4 38. Rc4 h5 {[%emt 0:00:16] Threatens to win with ...Qe6.} (38... Qe6 $5 39. Rc2 (39. Rxd4 $2 Re2 $19) 39... d3 $11) 39. h4 g6 (39... Qe6 $5 40. Rc2 (40. Rxd4 $2 Re2 $19) 40... d3 $11) 40. Rc2 Rc3 41. Rd2 d3 42. Qe3 Rc2 {[%emt 0:00:02] And now ...Qa5 would win.} 43. Kf2 $1 Qa5 44. Rxc2 (44. Ke1 $1 $11) 44... dxc2 $19 45. a4 {[%emt 0:00:20] [#]} Qd5 ({Inferior is} 45... Qc7 46. Qc1 $17) ({Better is} 45... Qb4 $1 $19 {[%cal Rb4a3] aiming for ...Qa3.} 46. Qc1 Qxb3) 46. Qc3 $2 (46. f4 $15) 46... Qd1 47. Qc8+ Kh7 {[%emt 0:00:02] Weighted Error Value: White=0.39/Black=0.11 (very precise)} 0-1

[Event "Super United Croatia GCT Blitz 2022"]
[Site "Zagreb"]
[Date "2022.07.23"]
[Round "8"]
[White "Firouzja, Alireza"]
[Black "Carlsen, Magnus"]
[Result "0-1"]
[ECO "D61"]
[WhiteElo "2793"]
[BlackElo "2864"]
[Annotator "TA"]
[PlyCount "88"]
[EventDate "2022.07.20"]
[EventType "tourn"]
[EventCountry "CRO"]
[SourceTitle "playchess.com"]
[Source "ChessBase"]
[SourceQuality "1"]
[TimeControl "300+2"]

1. d4 d5 2. c4 c6 3. Nf3 Nf6 4. Nc3 e6 5. Bg5 Be7 6. e3 Nbd7 7. Qc2 O-O 8. Rd1 b6 {[%emt 0:00:07] is the legacy move (8...h6).} 9. Be2 Bb7 10. O-O {[%emt 0:00:03] D61: Queen's Gambit Declined: Classical: 7 Qc2.} h6 $5 {[%emt 0:00:04][%mdl 4] An interesting side line.} 11. Bh4 Rc8 12. Qb1 {[%emt 0:00:25] The position is equal.} dxc4 13. Bxc4 c5 {[%emt 0:00:01] [#]} 14. dxc5 $146 ({Predecessor:} 14. Be2 Nd5 15. Bg3 cxd4 16. Nxd5 Bxd5 17. Nxd4 Nf6 18. Bf3 Qe8 19. Bxd5 Nxd5 20. Nf5 {1-0 (29) Olariu,C (1770)-Iordache,D (1755) Eforie Nord 2001}) 14... Rxc5 15. Bb5 a6 16. Bxf6 axb5 17. Ne5 Bc8 18. Bxe7 Qxe7 19. Nd3 {[%emt 0:00:00] Pair of Knights!} Rg5 20. a3 Nc5 (20... Bb7 $11 {remains equal.} 21. f3 Nc5) 21. Nf4 (21. f4 $16 Rh5 22. Ne5) 21... Bb7 $11 22. f3 Na4 23. Nce2 Rc8 (23... Rc5 $11) 24. e4 (24. b4 $1 $16) 24... b4 25. Rd4 Rb5 26. Qd3 (26. Nd3 $1 $11) 26... Bc6 (26... Ba6 $1 $15 27. axb4 e5) 27. Qd2 $2 {[%emt 0:00:08][%mdl 8192] [#]} (27. axb4 $1 $14 e5 28. Rc4 $1) 27... bxa3 $1 $19 28. Rxa4 (28. bxa3 Rb2) 28... Rxb2 29. Qc3 Bxa4 30. Qxc8+ {[%emt 0:00:01] [#]} Kh7 $1 {[%emt 0:00:01] Threatens to win with ...a2.} ({Weaker is} 30... Qf8 31. Qxf8+ Kxf8 32. Ra1 $15) 31. Qc3 Bb5 32. Re1 (32. Ra1 {was necessary.} Bxe2 33. Qxa3 Rb1+ 34. Kf2 Qh4+ 35. Ke3 Rxa1 36. Qxa1) 32... Qd6 $2 (32... Bxe2 $19 {has better winning chances.} 33. Nxe2 b5) 33. e5 $17 Qd2 34. Qxd2 Rxd2 35. Nc3 (35. Kf2 $17) 35... Bc4 $19 {[%emt 0:00:01] And now ...Rc2 would win.} 36. Ra1 a2 37. Nfe2 Bxe2 38. Rxa2 $2 (38. Nxa2 {was forced.} Kg6 39. Nc3) 38... Rxa2 39. Nxa2 {[%emt 0:00:01][%mdl 4096] Endgame KB-KN} Bc4 40. Nb4 Kg6 41. Kf2 Kf5 42. Nc6 Bd5 43. Nd8 (43. Nb8) 43... Kxe5 {[%emt 0:00:01] Strongly threatening ...Kf6.} 44. Nxf7+ Kd4 {[%emt 0:00:01] Weighted Error Value: White=0.49/Black=0.22 (precise)} 0-1

[Event "Super United Croatia GCT Blitz 2022"]
[Site "Zagreb"]
[Date "2022.07.23"]
[Round "8"]
[White "Nepomniachtchi, Ian"]
[Black "Topalov, Veselin"]
[Result "1-0"]
[ECO "C34"]
[WhiteElo "2766"]
[BlackElo "2728"]
[Annotator "TA"]
[PlyCount "89"]
[EventDate "2022.07.20"]
[EventType "tourn"]
[EventCountry "CRO"]
[SourceTitle "playchess.com"]
[Source "ChessBase"]
[SourceQuality "1"]
[TimeControl "300+2"]

1. e4 e5 2. f4 exf4 3. Nf3 d6 4. Bc4 h6 5. h4 Nf6 6. Nc3 Nc6 {[%emt 0:00:01] C34: King's Gambit Accepted: 3 Nf3: 3...Nf6 and 3...d6.} 7. d4 Nh5 $1 8. Nd5 Bg4 {[%emt 0:00:07] Black has an edge.} 9. Qd3 (9. Bxf4 $11 {is more appropriate.} Be7 10. g3) 9... Na5 $15 {[%emt 0:00:26] [#]} 10. Bb3 $146 (10. Bxf4 $2 Nxc4 11. Qxc4 c6 $19) ({Predecessor:} 10. Nxf4 Nxc4 11. Qxc4 c6 12. Nxh5 Bxh5 13. Bd2 Qd7 14. O-O-O O-O-O 15. Rde1 Kb8 16. d5 {1-0 (57) Rosenzweig,V-Barzoi,C corr 1984}) 10... c6 11. Nxf4 Ng3 12. Rh2 Qe7 13. Nd2 Nxb3 (13... Nh5 $1 $17 14. Nxh5 Bxh5) 14. axb3 $11 Nh5 15. Nc4 g6 (15... Nf6 $15) 16. Nxh5 $14 gxh5 17. Bf4 Qf6 (17... Rd8 $1 $14) 18. g3 $16 Be7 19. Nb6 $36 {[%emt 0:00:46][%mdl 2048] White is in control.} Rd8 (19... Rb8 $16 {might work better.} 20. e5 (20. Rxa7 O-O $16) 20... Qe6) 20. Rxa7 $18 O-O 21. Kd2 Rfe8 22. Rxb7 Bf8 23. Rf2 Qg6 24. Na4 ({White should play} 24. Be3 $18) 24... Rxe4 {[%emt 0:00:10] And now ...Bg7 would win.} 25. Nc3 Ree8 {[%emt 0:00:24] [#]} 26. Qxg6+ fxg6 27. d5 c5 28. Nb5 Re4 (28... Bg7 $16 29. Rh2 (29. Nxd6 Rf8 $14) (29. Bxd6 Bd4 $16) 29... Rf8) 29. c4 Rde8 30. Bxd6 {[%emt 0:00:02] Active counter play!} Bg7 {[%emt 0:00:01] [#]} (30... Bf5 $142) 31. Rxg7+ $1 Kxg7 32. Bxc5 Re2+ 33. Rxe2 Rxe2+ {[%emt 0:00:01][%mdl 4096] Endgame KRB-KBN} 34. Kc3 g5 35. Bd4+ Kg6 36. c5 Rg2 37. Be5 Kf5 38. Bb8 (38. Bd6 $18) 38... Ke4 $11 39. d6 $2 (39. hxg5 hxg5 40. Bd6 Kxd5 $15) (39. Bd6 $11) 39... Rxg3+ (39... Kd5 $19 {is more deadly.} 40. d7 Bxd7) 40. Kb4 $17 {[%emt 0:00:01] aiming for Nc3+.} gxh4 ({Better is} 40... Bd7 $17 41. c6 Bxc6) 41. c6 $11 {[%emt 0:00:06] Hoping for d7.} Rd3 {[%emt 0:00:01] ...h3 is the strong threat.} 42. Kc5 {[%emt 0:00:13] Black must now prevent d7.} ({Wrong is} 42. d7 $2 {[#]} Bxd7 $1 43. Nc3+ Kf3 $19) 42... Rd5+ 43. Kb6 (43. Kb4 $11 Rd2 44. Kc5 (44. d7 $2 Bxd7 45. Nc3+ Kf3 $19) 44... Rd5+ 45. Kb4) 43... h3 $2 (43... Kf3 $17 44. Kc7 (44. d7 $2 Bxd7 45. Na7 h3 $19) 44... h3) 44. d7 $2 (44. Nc3+ $18 Kd4 45. Nxd5) 44... Bxd7 $2 45. Nc3+ {[%emt 0:00:10] Weighted Error Value: White=0.57/Black=0.33} 1-0